AoeStats
← [SEID] Mentor

Nomad

503526702Analyzed
2v2 RM · 1mo ago on Sep 1, 2026· 22m 19s· 4 players
Game mode
Random Map
Map size
176×176
Population
200
Speed
Normal
Resources
Standard
Victory
Conquest
Starting age
Dark Age
Ending age
Imperial Age
RankedLock teamsTeams togetherTeam positionsShared explorationLock speedFull tech treeHidden civsTurbo modeCheats
Victory
Defeat
🇨🇦 Koreans · Canada
1592
+14
🇨🇱 Persians · Chile
1486
+19
🇦🇷 Persians · Argentina
1583
-18
🇦🇷 Spanish · Argentina
1512
-15
Arkhan
9:59 Loom
13:00 Feudal Age
13:52 Double-Bit Axe
16:38 Castle Age
16:00 Gold Mining
19:13 Wheelbarrow
20:32 Scale Barding Armor
randy pan
5:01 Loom
15:21 Feudal Age
19:05 Castle Age
18:11 Fletching
18:41 Town Watch
20:08 Double-Bit Axe
20:28 Crossbowman
[SEID] Aletheia
5:04 Loom
15:58 Feudal Age
16:38 Double-Bit Axe
17:05 Stone Mining
17:15 Fishing Lines
23:33 Castle Age
[SEID] Mentor
5:22 Loom
13:01 Feudal Age
17:36 Castle Age
15:55 Double-Bit Axe
21:42 Fletching
Connection lost

Rejoining the realm…

Still unreachable

The connection could not be restored.

Session expired

The server has moved on; the page needs a fresh start.